Unix NetHack Version 5.0.0-0 post-release - last build May 31 2026 23:59:36 (970b52f25bf058293b47ddfd14a1e40e571c508c,branch:main).

Game began 2026-05-30 20:27:04, ended 2026-06-02 22:02:19.

ConFuzed, lawful female dwarven Valkyrie

                                                                          ---
        ----------                        -------                     ---..<|
         ..  .  ..                        |.....|                    --.....|
         -.--|---.-                       |.._..|                   ....|..-
         |.-|.. |..               -----   |.....|                 .....-|.-
       ---..-.---..----..         |.-..|  ---|---               ...%....|
    -+--........--|-.....-+--     |.|..|    |.|                ....|.----
    |................--......- ---|.|..|    |.| ----.....|.   |..-----
    --. --|--------..|-....... |....|--    --.---........... .|..|
     -  |..(......|--- ...{... |..|.|     --...........---......-
        |*?.?(%=?%|    ......- |..|.|---.......... |.. |........|
        -----------    -....------|.|-......---..      --....----
                        ..|.@.|..--.|...---.            --...|
                         ---...)....|....-               --..
                         |.@@.--..........
                         |.@@-|.......G...                     ..
                         .... |..--.......                     ....
                               --- -......                       ....
                                   ---...-                       --..
                        G

ConFuzed the Skirmisher     St:18/01 Dx:11 Co:20 In:8 Wi:8 Ch:10  Lawful S:1332
Dlvl:8  $:122 HP:0(59) Pw:5(5) AC:3  Xp:5/215 T:2886 

Latest messages:
 (For instructions type a '?')
 You hear a door open.
 The Woodland-elf throws an elven dagger!
 You are hit by an elven dagger.
 You hit the mountain nymph!
 The Woodland-elf throws an elven dagger!
 The elven dagger hits the mountain nymph.
 The mountain nymph stole 2 uncursed tripe rations.
 The mountain nymph vanishes!
 You see here an elven dagger.
 The Woodland-elf hits!
 The Woodland-elf wields an elven short sword!
 The Woodland-elf throws an elven dagger!
 You are hit by an elven dagger!
 You hit the Woodland-elf!
 The Woodland-elf hits!
 The Woodland-elf wields an elven broadsword!
 You miss the Woodland-elf.
 The Woodland-elf hits!
 The Woodland-elf thrusts her elven short sword.
 The Woodland-elf hits!
 Are you sure you want to pray? [yn] (n) y
 You begin praying to Tyr.
 You are surrounded by a shimmering light.
 The Woodland-elf wields an elven spear!
 The Woodland-elf starts to attack you, but pulls back.
 The Woodland-elf starts to attack you, but pulls back.
 The Woodland-elf starts to attack you, but pulls back.
 The Woodland-elf starts to attack you, but pulls back.
 The Woodland-elf starts to attack you, but pulls back.
 The Woodland-elf starts to attack you, but pulls back.
 The Woodland-elf starts to attack you, but pulls back.
 The Woodland-elf starts to attack you, but pulls back.
 You finish your prayer.
 You feel that Tyr is well-pleased.
 Your dwarvish spear softly glows with a light blue aura.
 What do you want to write with? [- abivyzBE or ?*] i
 You write in the dust with an uncursed platinum wand.
 What do you want to write in the dust here? Elbereth
 The Woodland-elf hits!
 The Woodland-elf thrusts her elven short sword.
 The Woodland-elf hits!
 The Woodland-elf swings his elven broadsword.
 The Woodland-elf hits!
 You die...
 Do you want your possessions identified? [ynq] (y) y
 Do you want to see your attributes? [ynq] (y) y
 Do you want an account of creatures vanquished? [ynaq] (y) n
 Do you want to see your conduct and achievements? [ynq] (y) n
 Do you want to see the dungeon overview? [ynq] (y) n

Inventory:
 Coins    ('$')
  $ - 122 gold pieces
 Weapons  (')')
  b - an uncursed +0 dagger
  a - a blessed +1 dwarvish spear (weapon in right hand)
  z - an uncursed +0 orcish dagger (at the ready)
  E - an uncursed +0 long sword
 Armor    ('[')
  D - an uncursed +0 orcish helm (being worn)
  j - an uncursed +0 pair of high boots (being worn)
  c - an uncursed +3 small shield (being worn)
 Comestibles  ('%')
  d - 5 uncursed food rations
 Scrolls  ('?')
  w - an uncursed scroll of destroy armor
  C - an uncursed scroll of food detection
  r - an uncursed scroll of identify
  h - an uncursed scroll of remove curse
 Spellbooks  ('+')
  f - an uncursed spellbook of clairvoyance
  s - a blessed spellbook of detect treasure
  l - an uncursed spellbook of healing
 Potions  ('!')
  p - an uncursed potion of sleeping
 Wands    ('/')
  i - an uncursed wand of make invisible (0:4)
 Tools    ('(')
  m - an uncursed blindfold
  k - an uncursed credit card
  u - an uncursed lock pick
  e - an uncursed oil lamp
  t - an uncursed tallow candle
  n - an uncursed tin opener
 Gems/Stones  ('*')
  y - an uncursed black opal
  v - 3 uncursed worthless pieces of blue glass
  B - an uncursed worthless piece of red glass

ConFuzed the Valkyrie's attributes:

Background:
 You were a Skirmisher, a level 5 dwarven Valkyrie.
 You were lawful, on a mission for Tyr
 who was opposed by Odin (neutral) and Loki (chaotic).
 You were right-handed.
 You were in the Gnomish Mines, on level 8.
 You entered the dungeon 2886 turns ago.
 It was nighttime.
 There was a full moon in effect when your adventure ended.
 You had 215 experience points, 105 more were needed to attain level 6.
 Your score was 1332 before end-of-game adjustments.

Basics:
 You had 0 out of 59 hit points.
 You had all 5 energy points (spell power).
 Your armor class was 3.
 Your wallet contained 122 zorkmids.
 Autopickup was on for '$?!"=/' plus thrown.

Final Characteristics:
 Your strength was 18/01 (limit:18/100).
 Your dexterity was 11 (limit:20).
 Your constitution was 20 (limit:20).
 Your intelligence was 8 (limit:16).
 Your wisdom was 8 (limit:16).
 Your charisma was 10 (limit:16).

Final Status:
 You weren't hungry.
 You were unencumbered.
 You were wielding a spear.
 You had basic skill with spear.

Final Attributes:
 You were piously aligned.
 You were cold resistant.
 You were telepathic.
 You had infravision.
 You were stealthy.
 You were lucky.
 You are dead.

Miscellaneous:
 You didn't encounter any bones levels.
 Total elapsed playing time was 1 hour, 1 minute and 58 seconds.

Major events:
 Turn
    1: ConFuzed the lawful dwarven Valkyrie entered the dungeon
 1266: entered the Gnomish Mines
 1548: attained the rank of Skirmisher (level 3)
 2690: reached Mine Town
 2886: killed by a Woodland-elf

You didn't know any spells.

Skills:
 Fighting Skills
   bare handed combat [Unskilled]
   two weapon combat  [Unskilled]
   riding             [Unskilled]
 Weapon Skills
   dagger             [Basic]
   axe                [Unskilled]
   pick-axe           [Unskilled]
   short sword        [Unskilled]
   broadsword         [Unskilled]
   long sword         [Unskilled]
   two-handed sword   [Unskilled]
   saber              [Unskilled]
   hammer             [Unskilled]
   quarterstaff       [Unskilled]
   polearms           [Unskilled]
   spear              [Basic]
   trident            [Unskilled]
   lance              [Unskilled]
   sling              [Unskilled]
 Spellcasting Skills
   attack spells      [Unskilled]
   escape spells      [Unskilled]

Voluntary challenges:
 Character rerolling was not enabled.
 You never genocided any monsters.
 You never polymorphed an object.
 You never changed form.
 You used no wishes.
Achievements:
 You entered a shop.
 You entered the Gnomish Mines.
 You attained the rank of Skirmisher.
 You entered Minetown.
 You entered a temple.

 The Dungeons of Doom: levels 1 to 5
    Level 1:
       An altar, a sink.
    Level 2:
       A fountain.
    Level 3:
       A general store.
    Level 4:
       An altar, a sink.
       Stairs down to The Gnomish Mines.
    Level 5:
 The Gnomish Mines: levels 5 to 8
    Level 5:
    Level 6:
    Level 7:
    Level 8: <- You were here.
       A general store, a temple and an altar to Tyr, a fountain.
       Final resting place for
          you, killed by a Woodland-elf.


Vanquished creatures:
 an orc shaman
  a rock piercer
  a gray ooze
  2 giant ants
  2 floating eyes
  a kitten
  a homunculus
  2 hill orcs
  a rabid rat
  a giant bat
  a monkey
 an iguana
  a coyote
  a gas spore
  2 hobbits
  a hobgoblin
  3 giant rats
  a yellow mold
  a green mold
  7 gnomes
  4 jackals
  a goblin
  4 grid bugs
  6 lichens
  a kobold zombie
  6 newts
54 creatures vanquished.

No species were genocided or became extinct.

Game over:
                       ----------
                      /          \
                     /    REST    \
                    /      IN      \
                   /     PEACE      \
                  /                  \
                  |     ConFuzed     |
                  |      122 Au      |
                  |   killed by a    |
                  |   Woodland-elf   |
                  |                  |
                  |                  |
                  |       2026       |
                 *|     *  *  *      | *
        _________)/\\_//(\/(/\)/\//\/|_)_______

Farvel ConFuzed the Valkyrie...

You died in The Gnomish Mines on dungeon level 8 with 1320 points,
and 122 pieces of gold, after 2886 moves.
You were level 5 with a maximum of 59 hit points when you died.

